 Dungeon Crawl Stone Soup version 0.22-b1-26-g9dbaab1112 (webtiles) character file.

13554 Kirk the Destroyer (level 12, -8/56 HPs)
             Began as a Vine Stalker Conjurer on Aug 8, 2018.
             Mangled by a minotaur
             ... wielding the +8 short sword "Nouleuc" {pierce, MR+ Stlth+}
              (18 damage)
             ... while paralysed
             ... in a labyrinth.
             The game lasted 00:53:10 (13774 turns).

Kirk the Destroyer (Vine Stalker Conjurer)         Turns: 13774, Time: 00:53:11

Health: -8/56      AC: 10    Str: 13    XL:     12   Next: 7%
Magic:  0/29       EV:  2    Int: 23    God:
Gold:   405        SH:  0    Dex: 15    Spells: 17/35 levels left

rFire    . . .     SeeInvis .   w - +8 dagger of Wonecsij {freeze, rPois Int+4 Dex-4}
rCold    . . .     Gourm    .   (no shield)
rNeg     . . .     Faith    .   f - +2 robe {MR+}
rPois    +         Spirit   +   k - +1 helmet
rElec    .         Reflect  .   x - +0 cloak
rCorr    .         Harm     +   (no gloves)
MR       +++..                  A - +0 pair of boots (curse)
Stlth    +++.......             y - amulet of harm
HPRegen  0.98/turn              (no ring)
MPRegen  0.21/turn              (no ring)

@: paralysed, agile, berserk cooldown, slowed
A: fangs 3, yellow scales 1, magic resistance 1, regeneration 2, robust 1, magic
shield, antimagic bite, no potion heal 3, rot immunity
a: no special abilities


You were in a labyrinth.
You were full.

You visited 2 branches of the dungeon, and saw 12 of its levels.
You also visited: Labyrinth.

You collected 677 gold pieces.
You spent 272 gold pieces at shops.

Inventory:

Hand Weapons
 b - a +2 whip of electrocution
 d - the +4 battleaxe of Keg Lui {chop, *Slow rC++ rN++}
   (You found it on level 5 of the Dungeon)

   It inflicts extra damage upon your enemies.
   It greatly protects you from cold.
   It greatly protects you from negative energy.
   It may slow you when you take damage.
 u - a +0 blowgun
 w - the +8 dagger of Wonecsij (weapon) {freeze, rPois Int+4 Dex-4}
   (You took it off an orc on level 10 of the Dungeon)

   It has been specially enchanted to freeze those struck by it, causing extra
   injury to most foes and up to half again as much damage against particularly
   susceptible opponents.
   It can also slow down cold-blooded creatures.
   It affects your intelligence (+4).
   It affects your dexterity (-4).
   It protects you from poison.
Missiles
 C - 6 curare-tipped needles
Armour
 f - a +2 robe of magic resistance (worn)
 k - a +1 helmet (worn)
 x - a +0 cloak (worn)
 A - a cursed +0 pair of boots (worn)
Jewellery
 y - an amulet of harm (around neck)
Wands
 a - a wand of disintegration (10)
 p - a wand of acid (9)
 s - a wand of flame (28)
 v - a wand of paralysis (14)
Scrolls
 e - 3 scrolls of immolation
 n - 2 scrolls of magic mapping
 o - 2 scrolls of teleportation
 q - 6 scrolls of amnesia
 B - 2 scrolls of remove curse
Potions
 g - 3 potions of agility
 h - 3 potions of resistance {unknown}
 i - a potion of flight
 j - a potion of might {unknown}
 l - 6 potions of curing
 r - 3 potions of lignification
 t - a potion of ambrosia
 z - a potion of haste
 D - a potion of mutation
 F - a potion of heal wounds {unknown}
Comestibles
 c - 25 rations


   Skills:
 + Level 3.1 Short Blades
 - Level 5.3 Maces & Flails
 - Level 1.5 Dodging
 - Level 2.4 Stealth
 + Level 12.4 Spellcasting
 + Level 12.6 Conjurations
 + Level 3.0 Hexes


You had 17 spell levels left.
You knew the following spells:

 Your Spells              Type           Power        Failure   Level  Hunger
a - Magic Dart            Conj           ####         1%          1    None
b - Searing Ray           Conj           ######       1%          2    None
c - Iskenderun's Mystic   Conj           ######..     1%          4    None
d - Force Lance           Conj/Tloc      #####...     3%          4    None
e - Fulminant Prism       Conj/Hex       ######....   1%          4    None
f - Confuse               Hex            ####....     3%          3    None

Your spell library contained the following spells:

 Spells                   Type           Power        Failure   Level  Hunger
 Confusing Touch          Hex            ####..       1%          1    None
 Metabolic Englaciation   Hex/Ice        ###.......   54%         5    ###....
 Petrify                  Tmut/Erth      ##......     41%         4    None
 Dazzling Spray           Conj/Hex       ######       1%          3    None
 Gell's Gravitas          Tloc           ##........   13%         3    None
 Yara's Violent Unravell  Hex/Tmut       ###.......   54%         5    ###....


Dungeon Overview and Level Annotations

Branches:
Dungeon (11/15)            Temple (0/1) D:4            Lair (1/6) D:11
    Orc (0/2) D:10

Altars:
Fedhas
Kikubaaqudgha
Makhleb
Nemelex Xobeh
Okawaru
Trog
Uskayaw
Vehumet
Wu Jian

Shops:
D:5 *   D:6 (   D:8 !   D:10 :

Annotations:
D:7 1 runed door, Pieper's ghost, novice GrFi


Innate Abilities, Weirdness & Mutations

You have razor-sharp teeth.
You heal very quickly.
When hurt, damage is shared between your health and your magic reserves.
Your bite disrupts and absorbs the magic of your enemies.
Potions cannot restore your health.
You are immune to rotting.
You are partially covered in yellow scales. (AC +2)
You are resistant to hostile enchantments. (MR+)
You are robust. (+10% HP)


Message History

The orb of energy hits the minotaur.
The minotaur is moderately wounded.
The minotaur throws a javelin of returning.
The javelin of returning hits you!!!
Ouch! That really hurt!
* * * LOW HITPOINT WARNING * * *
The weapon returns to the minotaur!
Wield which item (- for none, * to show all)? (? for menu, Esc to quit)
Okay, then.
Okay, then.
That item cannot be evoked!
It was a potion of berserk rage.
A red film seems to cover your vision as you go berserk!
You feel yourself moving faster!
You feel mighty!
You feel a strong urge to attack something.
You feel your anger nearly subside.
You are no longer berserk.
You pass out from exhaustion.
You feel yourself slow down.
The minotaur hits you with a slimy short sword {pierce}!
You die...

..#/.[# . . .
##.#8.8#### ######
..#...#..#. .. .# ##
#..#8.8#..#. #.#.
.....##'##..#...#.#.#
#..... . ## # #
.#.....#. ... .. .
#H#.#.# ## # ##.#.
#@#.# .. .. . #.####
#.# #...# .# .....
##### # #.#.# ... #
### # # #.# #.# ..


You could see a minotaur.

Vanquished Creatures
  Harold (Lair:1)
  Erica (D:11)
  Sonja (D:11)
  3 unseen horrors (D:11)
  Joseph (D:7)
  Psyche (D:10)
  A gargoyle (D:11)
  2 kobold demonologists (D:11)
  A komodo dragon (D:11)
  3 hippogriffs
  8 yaks
  2 hogs (D:7)
  A human (D:7)
  2 hungry ghosts (D:9)
  A black bear (D:9)
  3 ice beasts
  A sky beast (D:11)
  10 orc warriors
  A necrophage (D:7)
  A phantom (D:9)
  4 centaurs
  4 ogres
  5 bullfrogs
  A gnoll sergeant (D:9)
  A water moccasin zombie (D:6)
  A wyvern skeleton (D:11)
  5 scorpions
  3 killer bees (D:11)
  11 wights
  6 electric eels
  3 bullfrog zombies
  A howler monkey (D:5)
  3 crimson imps
  A centaur zombie (D:8)
  4 hounds
  14 orc wizards
  A centaur skeleton (D:9)
  A gnoll shaman (D:9)
  6 orc priests
  2 bullfrog skeletons
  4 iguanas
  6 worker ants
  2 hound zombies (D:5)
  4 hound skeletons
  3 howler monkey zombies
  A worker ant zombie (D:11)
  Robin (D:3)
  25 gnolls
  12 adders
  4 shadow imps
  2 oozes
  4 adder skeletons
  2 worms
  5 leopard geckos
  62 orcs
  10 bats
  4 giant cockroaches
  18 goblins
  11 hobgoblins
  20 jackals
  18 kobolds
  7 quokkas
  A frilled lizard (D:2)
  3 leopard gecko skeletons
  A leopard gecko zombie (D:6)
  4 rats
  A plant (D:11)
357 creatures vanquished.

Vanquished Creatures (collateral kills)
  A troll (D:9)
1 creature vanquished.

Vanquished Creatures (others)
  An adder (D:10)
  5 fulminant prisms
  A plant (D:11)
7 creatures vanquished.

Grand Total: 365 creatures vanquished

Notes
Turn   | Place    | Note
-------+----------+-------------------------------------------
     0 | D:1      | Kirk the Vine Stalker Conjurer began the quest for the Orb.
     0 | D:1      | Reached XP level 1. HP: 9/9 MP: 4/4
   166 | D:1      | Reached XP level 2. HP: 13/13 MP: 3/6
   632 | D:1      | Learned a level 2 spell: Searing Ray
   678 | D:1      | Reached XP level 3. HP: 16/16 MP: 3/7
  1019 | D:2      | Reached skill level 5 in Conjurations
  1324 | D:2      | Gained mutation: Your natural rate of healing is unusually fast. [Vine Stalker growth]
  1324 | D:2      | Reached XP level 4. HP: 16/21 MP: 3/9
  1874 | D:2      | Found an iron altar of Okawaru.
  2201 | D:3      | Reached XP level 5. HP: 21/24 MP: 2/10
  2259 | D:3      | Learned a level 4 spell: Iskenderun's Mystic Blast
  2683 | D:3      | Noticed Robin
  3291 | D:3      | Killed Robin
  3512 | D:4      | Reached XP level 6. HP: 24/28 MP: 4/13
  3959 | D:4      | Found a staircase to the Ecumenical Temple.
  4285 | D:5      | Entered Level 5 of the Dungeon
  4296 | D:5      | Got a smoking battleaxe
  4625 | D:5      | Identified the +4 battleaxe of Keg Lui {chop, *Slow rC++ rN++} (You found it on level 5 of the Dungeon)
  4662 | D:5      | Found Iuebylekk's Incredible Inventory.
  4673 | D:5      | Found a blossoming altar of Fedhas.
  4678 | D:5      | Reached XP level 7. HP: 32/32 MP: 5/15
  4844 | D:5      | Reached skill level 5 in Spellcasting
  5511 | D:6      | Reached skill level 1 in Maces & Flails
  5642 | D:6      | Gained mutation: You have razor-sharp teeth. [Vine Stalker growth]
  5642 | D:6      | Reached XP level 8. HP: 36/36 MP: 14/18
  5690 | D:6      | Found Asat's Weapon Shoppe.
  6122 | D:6      | Gained mutation: You are resistant to hostile enchantments. (MR+) [potion of mutation]
  6122 | D:6      | Gained mutation: You are robust. (+10% HP) [potion of mutation]
  6122 | D:6      | Gained mutation: You are partially covered in yellow scales. (AC +2) [potion of mutation]
  6436 | D:7      | Found an ornate altar of the Wu Jian Council.
  6781 | D:7      | Found an ancient bone altar of Kikubaaqudgha.
  6894 | D:7      | Noticed a yak
  6894 | D:7      | Noticed a yak
  6897 | D:7      | Reached XP level 9. HP: 42/42 MP: 20/22
  7000 | D:7      | Noticed Joseph
  7009 | D:7      | Killed Joseph
  7154 | D:7      | Found a runed door.
  7156 | D:7      | Noticed Pieper's ghost (novice GrFi)
  7167 | D:7      | Noticed a meliai
  7174 | D:7      | Learned a level 4 spell: Force Lance
  7179 | D:7      | Learned a level 4 spell: Fulminant Prism
  7187 | D:7      | Reached skill level 10 in Conjurations
  7607 | D:8      | Reached XP level 10. HP: 48/48 MP: 8/24
  7631 | D:8      | Found Ceceimof's Distillery.
  7641 | D:8      | Bought a potion of haste for 160 gold pieces
  7641 | D:8      | Bought a potion of agility for 64 gold pieces
  7641 | D:8      | Bought a potion of curing for 48 gold pieces
  7828 | D:9      | Found a burning altar of Makhleb.
  7840 | D:9      | Found a hide-covered altar of Uskayaw.
  8100 | D:9      | Reached skill level 10 in Spellcasting
  8361 | D:9      | Found a sparkling altar of Nemelex Xobeh.
  8771 | D:9      | Found a radiant altar of Vehumet.
  8865 | D:9      | Found a bloodstained altar of Trog.
  9193 | D:10     | Entered Level 10 of the Dungeon
  9475 | D:10     | Found Bifeor's Book Shop.
  9726 | D:10     | Got a pitted dagger {freeze}
  9978 | D:10     | Found Jon Bome's Jewellery Shoppe.
 10177 | D:10     | Reached skill level 5 in Maces & Flails
 10266 | D:10     | Noticed Psyche
 10270 | D:10     | Killed Psyche
 10307 | D:9      | Identified the +8 dagger of Wonecsij {freeze, rPois Int+4 Dex-4} (You took it off an orc on level 10 of the Dungeon)
 10452 | D:10     | Reached XP level 11. HP: 51/51 MP: 17/26
 10678 | D:10     | Reached skill level 1 in Hexes
 10958 | D:10     | Found a staircase to the Orcish Mines.
 11153 | D:10     | Learned a level 3 spell: Confuse
 11291 | D:11     | Noticed Erica
 11294 | D:11     | Killed an unseen horror
 11492 | D:11     | Noticed a sun demon
 11492 | D:11     | Reached skill level 1 in Short Blades
 11987 | D:11     | Killed Erica
 12173 | D:11     | Killed an unseen horror
 12319 | D:11     | Found a staircase to the Lair.
 12344 | D:11     | Noticed Sonja
 12347 | D:11     | Killed Sonja
 12662 | D:11     | Killed an unseen horror
 12964 | Lair:1   | Entered Level 1 of the Lair of Beasts
 12964 | Lair:1   | Noticed Harold
 12968 | Lair:1   | Killed Harold
 12968 | Lair:1   | Gained mutation: You heal very quickly. [Vine Stalker growth]
 12968 | Lair:1   | Reached XP level 12. HP: 47/56 MP: 8/29
 13125 | Lair:1   | Found a labyrinth entrance.
 13126 | Lair:1   | Noticed a five-headed hydra
 13152 | Lab      | Entered a labyrinth
 13757 | Lab      | Noticed a minotaur
 13774 | Lab      | Identified the +8 short sword "Nouleuc" {pierce, MR+ Stlth+}
 13774 | Lab      | Mangled by a minotaur

Skill      XL: |  1  2  3  4  5  6  7  8  9 10 11 |
---------------+----------------------------------+-----
Conjurations   | 5 6 7 9 10 11 12 | 12.6
Spellcasting   | 3 4 6 8 9 10 12 | 12.4
Maces & Flails | 1 2 5 |  5.3
Hexes          | 3 |  3.0
Short Blades   | 3 |  3.1
Dodging        | |  1.5
Stealth        | |  2.4

Action                   |  1- 3 |  4- 6 |  7- 9 | 10-12 || total
-------------------------+-------+-------+-------+-------++-------
Melee: Dagger            |    32 |    70 |       |    42 ||   144
       Bite              |     3 |    13 |    19 |    36 ||    71
       Whip              |       |    13 |    74 |   122 ||   209
 Cast: Magic Dart        |    55 |   189 |   155 |    74 ||   473
       Iskenderun's Myst |       |     5 |    29 |   142 ||   176
       Searing Ray       |       |     2 |       |       ||     2
       Fulminant Prism   |       |       |       |     5 ||     5
       Confuse           |       |       |       |     4 ||     4
Evoke: Wand              |       |       |    17 |    16 ||    33
  Use: Scroll            |     7 |     3 |     5 |     8 ||    23
       Potion            |       |     1 |     1 |     2 ||     4
 Stab: Sleeping          |       |     1 |     3 |       ||     4
       Distracted        |       |       |     1 |     2 ||     3
       Confused          |       |       |       |     1 ||     1
  Eat: Chunk             |     2 |     5 |     2 |    15 ||    24
       Ration            |       |     2 |     3 |     4 ||     9
Armor: Robe              |     6 |    23 |    27 |    73 ||   129
Dodge: Dodged            |    25 |   102 |    76 |   114 ||   317
